AoeStats
← Calders

Nomad

509594386Analyzed
4v4 RM · 4d ago on Sep 27, 2026· 31m 57s· 8 players
Game mode
Random Map
Map size
231×231
Population
200
Speed
Normal
Resources
Standard
Victory
Conquest
Starting age
Dark Age
Ending age
Imperial Age
RankedLock teamsTeams togetherTeam positionsShared explorationLock speedFull tech treeHidden civsTurbo modeCheats
Victory
Defeat
🇩🇪 Malay · Germany
1524
+17
🇬🇧 Malians · United Kingdom
1505
+18
🇨🇿 Inca · Czechia
1501
+18
🇧🇪 Danes · Belgium
1496
+18
🇸🇪 Varangians · Sweden
1596
-19
🇬🇧 Saxons · United Kingdom
1570
-18
🇪🇸 Wei · Spain
1562
-19
🇮🇳 Wu · India
1474
-15
Mazer
7:49 Loom
15:05 Feudal Age
18:17 Castle Age
17:35 Double-Bit Axe
20:42 Horse Collar
21:51 Fletching
27:49 Forging
Calders
5:44 Loom
13:41 Feudal Age
14:30 Double-Bit Axe
16:48 Horse Collar
23:27 Castle Age
23:26 Gold Mining
24:24 Demolition Ship
30:47 Town Watch
31:38 Wheelbarrow
31:54 Gold Shaft Mining
31:14 Stone Mining
32:46 Forging
Dangel2K
5:20 Loom
13:33 Feudal Age
14:52 Double-Bit Axe
22:04 Castle Age
20:27 Fishing Lines
23:24 Medium Warships
23:41 Town Watch
25:14 Fletching
26:03 Scale Mail Armor
26:13 Forging
27:52 Gillnets
27:51 Arson
31:35 Hamask
32:34 Chain Mail Armor
DetectiveYemitoShumafuk
4:40 Loom
12:36 Feudal Age
13:57 Town Watch
17:00 Castle Age
15:21 Fletching
15:42 Double-Bit Axe
16:15 Forging
16:53 Gold Mining
17:51 Medium Warships
23:41 Horse Collar
24:42 Bow Saw
24:43 Heavy Plow
27:17 Wheelbarrow
29:04 Hand Cart
28:41 Stone Mining
30:12 Stone Shaft Mining
30:32 Bodkin Arrow
35:03 Imperial Age
Trashclaus
5:13 Loom
12:24 Feudal Age
13:10 Double-Bit Axe
15:32 Fishing Lines
19:15 Castle Age
20:08 Medium Warships
21:46 Bow Saw
21:42 Gold Mining
22:55 Fletching
23:31 Horse Collar
33:41 Imperial Age
32:21 Wheelbarrow
Raspadori
4:21 Loom
12:29 Feudal Age
16:17 Castle Age
15:32 Fletching
16:07 Double-Bit Axe
16:55 Bodkin Arrow
17:53 Bow Saw
20:35 Wheelbarrow
19:45 Town Watch
21:07 Horse Collar
22:01 Heavy Plow
23:15 Gold Mining
24:55 Scale Barding Armor
25:10 Hand Cart
25:19 Stone Mining
28:14 Chain Barding Armor
28:06 Forging
30:21 Tuntian
33:50 Imperial Age
32:13 Iron Casting
23
7:40 Loom
14:00 Feudal Age
17:40 Castle Age
16:13 Double-Bit Axe
16:28 Stone Mining
18:39 Horse Collar
23:43 Fletching
26:47 Bodkin Arrow
Locke
4:36 Loom
13:39 Feudal Age
14:36 Feudal Age
18:37 Castle Age
16:42 Double-Bit Axe
17:16 Fishing Lines
19:34 Horse Collar
20:05 Bow Saw
25:38 Wheelbarrow
25:16 Fletching
29:03 Forging
28:54 Scale Mail Armor
31:18 Sanctity
Connection lost

Rejoining the realm…

Still unreachable

The connection could not be restored.

Session expired

The server has moved on; the page needs a fresh start.